AoeStats
← M@nqu!to

Arabia

505442283Analyzed
1v1 RM · 22d ago on Sep 9, 2026· 43m 35s· 2 players
Game mode
Random Map
Map size
Tiny (2 player)
Population
200
Speed
Normal
Resources
Standard
Victory
Conquest
Starting age
Dark Age
Ending age
Imperial Age
RankedLock teamsTeams togetherTeam positionsShared explorationLock speedFull tech treeHidden civsTurbo modeCheats
Victory
Defeat
🇨🇴 Maya · Colombia
1227
+15
🇵🇪 Byzantines · Peru
1195
-15
M@nqu!to
0:30 Loom
10:21 Feudal Age
10:29 Man-at-Arms
13:18 Padded Archer Armor
15:29 Fletching
18:53 Double-Bit Axe
24:19 Castle Age
25:05 Bodkin Arrow
24:39 Elite Skirmisher
27:41 Leather Archer Armor
30:43 Scale Barding Armor
31:48 Forging
33:28 Chain Barding Armor
35:11 Ballistics
39:11 Imperial Age
39:04 Horse Collar
40:49 Ring Archer Armor
41:19 Bracer
42:54 Chemistry
hdperezn
0:27 Loom
9:31 Feudal Age
11:38 Town Watch
12:18 Fletching
13:50 Horse Collar
17:47 Double-Bit Axe
23:54 Castle Age
22:45 Padded Archer Armor
22:56 Forging
23:57 Crossbowman
24:43 Thumb Ring
24:55 Bodkin Arrow
28:29 Leather Archer Armor
28:52 Wheelbarrow
31:41 Heavy Plow
33:29 Hand Cart
35:53 Town Patrol
41:52 Imperial Age
40:12 Eagle Warrior
41:44 Ballistics
41:39 Elite Skirmisher
42:16 Gold Mining
43:09 Arbalester
44:02 Hul'che Javelineers
Connection lost

Rejoining the realm…

Still unreachable

The connection could not be restored.

Session expired

The server has moved on; the page needs a fresh start.